 Dungeon Crawl Stone Soup version 0.20.1-1-g8b1a95d (webtiles) character file.

1323 dmj the Chopper (level 8, 0/70 HPs)
             Began as a Minotaur Fighter on July 31, 2017.
             Was an Initiate of Gozag.
             Engulfed by a cloud of flame (13 damage)
             ... on level 6 of the Dungeon.
             The game lasted 00:11:25 (3505 turns).

dmj the Chopper (Minotaur Fighter)                  Turns: 3505, Time: 00:11:28

Health: 0/70       AC: 11    Str: 24    XL:     8   Next: 33%
Magic:  7/7        EV:  8    Int:  5    God:    Gozag
Gold:   761        SH: 10    Dex:  9    Spells: 7/7 levels left

rFire    . . .     SeeInvis .   a - +0 war axe
rCold    . . .     Gourm    .   c - +0 shield
rNeg     . . .     Faith    .   u - +0 chain mail
rPois    .         Spirit   .   (helmet restricted)
rElec    .         Reflect  .   p - +0 cloak
rCorr    .         Harm     .   (no gloves)
MR       .....     Clarity  +   (no boots)
Stlth    ..........             (no amulet)
Regen    0.3/turn               k - ring of stealth
MPRegen  0.1/turn               h - ring of stealth

@: gold aura, very slightly contaminated, hasted, very quick
A: retaliatory headbutt, horns 2, talons 1, clarity
a: Potion Petition, Call Merchant, Bribe Branch, Renounce Religion


You were on level 6 of the Dungeon.
You worshipped Gozag.
Gozag was pleased with you.
You were not hungry.

You visited 1 branch of the dungeon, and saw 6 of its levels.

You collected 784 gold pieces.
You paid 23 gold pieces to Gozag.

Inventory:

Hand Weapons
 a - a +0 war axe (weapon)
 d - the +0 mace "Zathywaoz" {venom, *Drain Dex+9, unknown}
   (You found it on level 4 of the Dungeon)

   It poisons the flesh of those it strikes.
   It affects your dexterity (+9).
   It causes draining when unequipped.
 s - a +2 flail of protection
Armour
 b - a +0 scale mail
 c - a +0 shield (worn)
 p - a +0 cloak (worn)
 u - a +0 chain mail (worn)
Jewellery
 h - a ring of stealth (right hand)
 k - a ring of stealth (left hand)
Wands
 r - a wand of digging (7/24)
 v - a wand of paralysis (13/24)
Scrolls
 e - a scroll of recharging
 i - 4 scrolls of identify
 n - 5 scrolls of remove curse
Potions
 j - a potion of mutation
 q - a potion of flight
Comestibles
 f - a bread ration
 g - 4 royal jellies


   Skills:
 + Level 5.7 Fighting
 + Level 7.7 Axes
 + Level 6.0 Armour
 + Level 3.1 Dodging
 + Level 1.0 Stealth
 + Level 6.8 Shields


You had 7 spell levels left.
You didn't know any spells.

Dungeon Overview and Level Annotations

Branches:
Dungeon (6/15)             Temple (0/1) D:6

Altars:
Cheibriados
Gozag
Nemelex Xobeh
Qazlal
Ru
Sif Muna
Trog
Zin


Innate Abilities, Weirdness & Mutations

You reflexively headbutt those who attack you in melee.
You have a pair of horns on your head.
You have sharp toenails.
You possess an exceptional clarity of mind.


Message History

You barely miss the killer bee zombie. Your kick misses the killer bee zombie.
The killer bee zombie is heavily damaged.
You slash the phantom! You closely miss the orc.
The phantom hits you but does no damage.
The killer bee zombie misses you. You block the orc's attack.
You barely miss the killer bee zombie. You claw the killer bee zombie!
The killer bee zombie is almost destroyed.
You slash the orc!
The orc explodes!
The fiery explosion engulfs the killer bee zombie.
You destroy the killer bee zombie!
Your Armour skill increases to level 6!
The fiery explosion engulfs you!
* * * LOW HITPOINT WARNING * * *
The fiery explosion engulfs the orc warrior.
The orc warrior is moderately wounded.
Your chain mail prevents you from hitting the phantom.
You are engulfed in blazing flames.
You die...
Your body crumbles into a pile of gold.

........#.####.#
#...###...# .
.#.⌠.#...#####
.#...#...#... ........#.##
##.........# .##....###..#
########### .##....# #..#
#.W........
.##....###..####@#########
...............§§#
.......#########o#
##.....o)oZ.o....#
.......#########.#
##.................
#..###########.#### #..#
#. #..# #.


You could see a phantom and an orc warrior.

Vanquished Creatures
  Menkaure (D:5)
  Edmund (D:5)
  An ice beast (D:5)
  A phantom (D:4)
  An ogre (D:5)
  3 scorpions
  2 howler monkeys (D:4)
  4 crimson imps (D:5)
  An orc priest (D:6)
  A hound (D:4)
  4 orc wizards
  2 worker ants
  A killer bee zombie (D:6)
  Robin (D:3)
  7 adders
  A shadow imp (D:5)
  3 oozes
  An adder zombie (D:5)
  An adder skeleton (D:4)
  A worm (D:3)
  2 dart slugs
  3 leopard geckos
  18 orcs
  2 ball pythons
  6 giant cockroaches
  12 goblins
  11 hobgoblins
  5 jackals
  6 quokkas
  4 bats
  4 frilled lizards
  2 kobolds
  A quokka skeleton (D:4)
  9 rats
123 creatures vanquished.

Notes
Turn   | Place    | Note
-------+----------+-------------------------------------------
     0 | D:1      | dmj the Minotaur Fighter began the quest for the Orb.
     0 | D:1      | Reached XP level 1. HP: 19/19 MP: 0/0
   154 | D:1      | Reached XP level 2. HP: 23/27 MP: 1/1
   271 | D:2      | Reached XP level 3. HP: 26/33 MP: 2/2
   272 | D:2      | Reached skill level 3 in Axes
   517 | D:2      | Found an opulent altar of Gozag.
   524 | D:2      | Became a worshipper of Gozag Ym Sagoz the Greedy
   624 | D:2      | Found a faded altar of an unknown god.
   836 | D:2      | Gained mutation: You have sharp toenails. [potion of mutation]
   836 | D:2      | Gained mutation: You possess an exceptional clarity of mind. [potion of mutation]
   846 | D:3      | Noticed Robin
   860 | D:3      | Reached XP level 4. HP: 32/41 MP: 3/3
   865 | D:3      | Killed Robin
   925 | D:3      | Found a bloodstained altar of Trog.
   925 | D:3      | Found a sparkling altar of Nemelex Xobeh.
   928 | D:3      | Found a stormy altar of Qazlal.
   928 | D:3      | Found a snail-covered altar of Cheibriados.
   930 | D:3      | Found a glowing silver altar of Zin.
  1113 | D:3      | Found a sacrificial altar of Ru.
  1118 | D:3      | Reached skill level 4 in Axes
  1242 | D:3      | Reached XP level 5. HP: 47/47 MP: 4/4
  1542 | D:4      | Reached skill level 1 in Dodging
  1666 | D:4      | Reached skill level 5 in Axes
  1713 | D:4      | Found a deep blue altar of Sif Muna.
  1827 | D:4      | Noticed a phantom
  1856 | D:4      | Reached XP level 6. HP: 23/53 MP: 5/5
  1884 | D:4      | Reached skill level 5 in Shields
  2189 | D:4      | Got a crude mace
  2330 | D:5      | Entered Level 5 of the Dungeon
  2417 | D:5      | Reached skill level 5 in Fighting
  2431 | D:5      | Noticed Menkaure
  2441 | D:5      | Killed Menkaure
  2441 | D:5      | Reached skill level 6 in Axes
  2441 | D:5      | Reached skill level 5 in Armour
  2441 | D:5      | Reached XP level 7. HP: 26/61 MP: 6/6
  2681 | D:5      | Reached skill level 7 in Axes
  2792 | D:5      | Noticed Edmund
  2806 | D:5      | Killed Edmund
  2806 | D:5      | Reached skill level 1 in Stealth
  2806 | D:5      | Reached XP level 8. HP: 58/69 MP: 7/7
  3409 | D:6      | Found a staircase to the Ecumenical Temple.
  3505 | D:6      | Engulfed by a cloud of flame

Skill      XL: |  1  2  3  4  5  6  7  8 |
---------------+-------------------------+-----
Fighting       | 4 5 |  5.7
Armour         | 4 5 6 |  6.0
Axes           | 3 4 5 6 7 |  7.7
Shields        | 4 5 6 |  6.8
Dodging        | 1 2 3 |  3.1
Stealth        | 1 |  1.0

Action                   |  1- 3 |  4- 6 |  7- 9 || total
-------------------------+-------+-------+-------++-------
Melee: War axe           |    68 |   127 |   117 ||   312
       Headbutt          |     3 |    19 |    13 ||    35
       Kick              |     4 |    20 |    27 ||    51
  Use: Scroll            |     5 |       |     4 ||     9
       Potion            |     2 |     1 |     2 ||     5
  Eat: Meat ration       |       |     1 |       ||     1
       Bread ration      |       |     1 |       ||     1
Armor: Scale mail        |    25 |    44 |    26 ||    95
       Chain mail        |       |       |    17 ||    17
Dodge: Dodged            |    23 |    56 |    33 ||   112
Block: Shield            |    31 |    69 |    68 ||   168
